 Seeded DCSS version 0.30.1-9-gdf580d7c3d (webtiles) character file.

Game seed: 6351066067085065685 (custom seed)

11459 Esekla the Eclecticist (level 11, -5/60 HPs)
             Began as a Deep Elf Wanderer on Oct 21, 2023.
             Was a High Priest of Vehumet.
             Slain by a centaur warrior simulacrum (28 damage)
             ... on level 11 of the Dungeon.
             The game lasted 01:55:12 (10721 turns).

Esekla the Eclecticist (Deep Elf Wanderer)         Turns: 10721, Time: 01:55:13

Health: -5/60      AC:  9    Str: 11    XL:     11   Next: 49%
Magic:  31/41      EV: 14    Int: 23    God:    Vehumet [*****.]
Gold:   666        SH:  4    Dex: 14    Spells: 22/40 levels left

rFire   . . .        s - +5 rapier of the Hero {heavy, rN+ Dex+3}
rCold   . . .        d - +0 buckler
rNeg    + . .        l - +0 steam dragon scales
rPois   .            N - +1 helmet
rElec   .            G - +0 cloak
rCorr   .            k - +0 pair of gloves
SInv    .            (no boots)
Will    +....        z - amulet of magic regeneration
Stlth   ++           I - ring of magical power
HPRegen 0.30/turn    (no ring)
MPRegen 0.67/turn

%: no passive effects
@: studying Fighting
A: no striking features
a: Renounce Religion


You were on level 11 of the Dungeon.
You worshipped Vehumet.
Vehumet was extremely pleased with you.
You visited 2 branches of the dungeon, and saw 12 of its levels.
You also visited: Bailey.

You collected 666 gold pieces.

Inventory:

Hand Weapons
 a - a +2 vampiric dagger
 c - a +5 scimitar
 r - a +4 trident of venom
 s - the +5 rapier of the Hero (weapon) {heavy, rN+ Dex+3}
   (You found it on level 3 of the Dungeon)

   Dex:       It affects your dexterity (+3).
   rN:        It protects you from negative energy.
 v - a +2 rapier of venom
Missiles
 t - 40 poisoned darts (quivered)
 K - 6 curare-tipped darts
 M - 5 boomerangs
Armour
 d - a +0 buckler (worn)
 k - a +0 pair of gloves (worn)
 l - +0 steam dragon scales (worn)
 p - a +0 troll leather armour
 G - a +0 cloak (worn)
 N - a +1 helmet (worn)
Jewellery
 z - an amulet of magic regeneration (around neck)
 I - a ring of magical power (left hand)
 J - an amulet of reflection
Wands
 i - a wand of roots (9)
 B - a wand of flame (8)
 F - a wand of mindburst (9)
Scrolls
 n - a scroll of enchant armour
 o - a scroll of amnesia
 u - 2 scrolls of fog
 w - a scroll of silence
 x - 4 scrolls of enchant weapon
 y - a scroll of magic mapping
 A - a scroll of fear
 C - 2 scrolls of identify
 D - a scroll of teleportation
 E - 2 scrolls of poison
 L - 5 scrolls of blinking {unknown}
 Q - 2 scrolls of acquirement
Potions
 b - 2 potions of lignification
 e - 3 potions of ambrosia {unknown}
 f - 5 potions of attraction
 g - a potion of cancellation {unknown}
 h - a potion of heal wounds
 j - 9 potions of curing
 m - a potion of mutation
 q - a potion of brilliance
 H - 3 potions of haste
 O - a potion of degeneration {unknown}


   Skills:
 * Level 3.0 Fighting
 + Level 3.1 Short Blades
 + Level 3.0 Throwing
 * Level 1.0 Armour
 * Level 6.7 Dodging
 + Level 2.8 Stealth
 + Level 1.7 Shields
 * Level 15.0 Spellcasting
 * Level 4.6 Conjurations
 * Level 8.8 Necromancy
 + Level 4.0 Translocations
 * Level 4.2 Transmutations
 + Level 5.5 Fire Magic
 + Level 3.2 Poison Magic
 + Level 1.0 Invocations
 + Level 0.2 Evocations


You had 22 spell levels left.
You knew the following spells:

 Your Spells              Type           Power      Damage    Failure   Level
b - Blink                 Tloc           70%        N/A       1%          2
d - Vampiric Draining     Necr           55%        2d9       1%          3
i - Irradiate             Conj/Tmut      18%        3d17      6%          5
n - Ignite Poison         Fire/Tmut/Pois 37%        N/A       1%          3
p - Apportation           Tloc           70%        N/A       1%          1
y - Sticky Flame          Conj/Fire      40%        2d6       1%          4

Your spell library contained the following spells:

 Spells                   Type           Power      Damage    Failure   Level
 Magic Dart               Conj           100%       1d8       1%          1
 Lesser Beckoning         Tloc           70%        N/A       1%          2
 Gell's Gravitas          Tloc           35%        N/A       2%          3
 Teleport Other           Tloc           35%        N/A       2%          3
 Spider Form              Tmut/Pois      34%        N/A       3%          3
 Cause Fear               Hex            8%         N/A       43%         4
 Summon Mana Viper        Hex/Summ       17%        N/A       80%         5


Dungeon Overview and Level Annotations

Branches:
Dungeon (11/15)            Temple (0/1) D:6            Lair (0/5) D:11
    Orc (1/2) D:10         Bailey (visited)

Altars:
Dithmenos
Fedhas
Hepliaklqana
Okawaru
Qazlal
Ru
Trog
Uskayaw
Vehumet
Zin
The Shining One

Shops:
D:2 =   D:4 (

Annotations:
D:9 Harold


Message History

Confirm with . or Enter, or press ? or * to list all spells.
Aiming: Vampiric Draining (safe; 1% risk of failure)
Press: ? - help, Shift-Dir - straight line, f - gnoll
Aim: a gnoll, wielding a +0 halberd You draw life force from the gnoll!
You feel life coursing into your body. The gnoll hits you with a +0 halberd.
Casting: Vampiric Draining (safe; 1% risk of failure)
Confirm with . or Enter, or press ? or * to list all spells.
Aiming: Vampiric Draining (safe; 1% risk of failure)
Press: ? - help, Shift-Dir - straight line, f/p - gnoll
Aim: a gnoll, wielding a +0 halberd (almost dead)
You draw life force from the gnoll!
You kill the gnoll!
Vehumet accepts your kill.
You feel life coursing into your body.
A centaur warrior simulacrum comes into view.
A troll comes into view.
The troll shouts!
You hear a bellow!
You hear a shout!
You hear a howl!
You see here a poisoned dart.
t - 40 poisoned darts (gained 1)
The yak snorts and paws the ground.
Casting: Vampiric Draining (safe; 1% risk of failure)
Confirm with . or Enter, or press ? or * to list all spells.
Aiming: Sticky Flame (dangerous; 1% risk of failure)
Press: ? - help, Shift-Dir - straight line, f - centaur warrior simulacrum
Aim: a centaur warrior simulacrum The sticky flame hits the centaur warrior simulacrum!
The centaur warrior simulacrum melts!
The centaur warrior simulacrum is heavily damaged.
The centaur warrior simulacrum is covered in liquid flames!
The centaur warrior simulacrum burns!
The centaur warrior simulacrum completely misses you.
The centaur warrior simulacrum misses you.
The centaur warrior simulacrum burns!
The centaur warrior simulacrum attacks as you move away!
The centaur warrior simulacrum hits you.
The centaur warrior simulacrum freezes you!!
The centaur warrior simulacrum kicks you.
The centaur warrior simulacrum freezes you!!
You die...

#..........#
#........†.#
###....###...#
##...[......#.#
##............##
#.....~...#....##
##................
##....#.#.....#....
##.@....###.#[#.....
#~.Z...###....##....
####......#.....#.....
##..#.........>........
##.†.#T.....#.....#..#..
#...)..Y...##....###....
#...........# #.. # ...
#.....#....#.....
#.(............


You could see a yak, a troll and a centaur warrior simulacrum (burning).

Vanquished Creatures
  A two-headed ogre (D:8)
  Pikel (D:6)
  2 orc knights (Bailey)
  2 cyclopes (D:9)
  Joseph (D:7)
  A rime drake (D:11)
  2 trolls
  8 yaks (D:10)
  2 steam dragons
  3 wyverns
  Menkaure (D:7)
  A sky beast (D:6)
  10 orc warriors
  A black bear (D:6)
  5 ice beasts (D:11)
  2 ogres
  2 centaurs
  5 wolves (D:11)
  A phantom (D:7)
  Blork the orc (D:6)
  4 kobold brigands
  3 gnoll sergeants
  2 bullfrogs
  2 scorpions (D:5)
  10 wights
  15 killer bees
  2 howler monkeys (D:10)
  2 quasits (D:8)
  2 gnoll boudas
  5 hounds
  A jelly (D:6)
  Crazy Yiuf (D:7)
  7 orc priests
  A sleepcap (D:5)
  5 iguanas
  10 orc wizards
  27 gnolls
  8 adders
  3 shadow imps (D:8)
  6 white imps
  4 ufetubi
  A worm (D:4)
  3 dart slugs
  55 orcs
  4 endoplasms
  9 goblins
  7 hobgoblins
  A quokka (D:1)
  6 ball pythons
  4 bats
  4 frilled lizards
  21 kobolds
  A rat (D:2)
288 creatures vanquished.

Notes
Turn   | Place    | Note
-------+----------+-------------------------------------------
     0 | D:1      | Esekla the Deep Elf Wanderer began the quest for the Orb.
     0 | D:1      | Esekla set off with the following items: a +0 club, a
                  | potion of lignification, a +0 robe, a +0 buckler; and the
                  | following spells available to memorise: Apportation, Blink,
                  | Lesser Beckoning, Magic Dart, Ignite Poison, Vampiric
                  | Draining.
     0 | D:1      | Reached XP level 1. HP: 10/10 MP: 7/7
     2 | D:1      | Learned a level 1 spell: Magic Dart
     4 | D:1      | Learned a level 1 spell: Apportation
   259 | D:2      | Found Renulab's Jewellery Shop.
   671 | D:4      | Found a radiant altar of Vehumet.
   679 | D:4      | Found an iron altar of Okawaru.
   690 | D:4      | Found a glowing silver altar of Zin.
   775 | D:4      | Became a worshipper of Vehumet
   904 | D:3      | Reached XP level 2. HP: 15/15 MP: 9/9
   907 | D:3      | Learned a level 2 spell: Blink
  1046 | D:3      | Reached skill level 5 in Spellcasting
  1214 | D:3      | Identified the +5 rapier of the Hero {heavy, rN+ Dex+3}
  1425 | D:1      | Reached skill level 1 in Dodging
  1539 | D:1      | Reached XP level 3. HP: 19/19 MP: 8/11
  1562 | D:1      | Reached * piety under Vehumet
  1562 | D:1      | Offered knowledge of Freeze by Vehumet.
  1749 | D:1      | Learned a level 3 spell: Vampiric Draining
  1798 | D:1      | Reached skill level 1 in Necromancy
  1852 | D:2      | Noticed a black bear
  1880 | D:2      | Found a faded altar of an unknown god.
  1908 | D:2      | Reached skill level 6 in Spellcasting
  1908 | D:2      | Reached XP level 4. HP: 24/24 MP: 14/14
  2219 | D:3      | Found a stormy altar of Qazlal.
  2234 | D:3      | Reached skill level 1 in Short Blades
  2288 | D:3      | Found a bloodstained altar of Trog.
  2290 | D:3      | Found a hazy altar of Hepliaklqana.
  2559 | D:3      | Reached XP level 5. HP: 19/28 MP: 8/15
  2945 | D:5      | Entered Level 5 of the Dungeon
  2948 | D:5      | Got the Parchment of the Lumpy Olives
  2976 | D:5      | Found a shadowy altar of Dithmenos.
  3121 | D:5      | Reached skill level 7 in Spellcasting
  3142 | D:5      | Reached XP level 6. HP: 32/32 MP: 15/18
  3403 | D:5      | Reached skill level 1 in Throwing
  3741 | D:5      | Reached ** piety under Vehumet
  3741 | D:5      | Offered knowledge of Static Discharge by Vehumet.
  3742 | D:5      | Reached skill level 8 in Spellcasting
  3742 | D:5      | Reached XP level 7. HP: 36/36 MP: 18/20
  4019 | D:4      | Found a glowing golden altar of the Shining One.
  4293 | D:4      | Found Ponaysk's Antique Weapon Boutique.
  4982 | D:6      | Reached skill level 9 in Spellcasting
  4982 | D:6      | Reached skill level 1 in Conjurations
  5045 | D:6      | Learned a level 3 spell: Ignite Poison
  5111 | D:6      | Found a blossoming altar of Fedhas.
  5189 | D:6      | Reached skill level 1 in Transmutations
  5212 | D:6      | Found a staircase to the Ecumenical Temple.
  5349 | D:6      | Noticed Pikel
  5370 | D:6      | Killed Pikel
  5371 | D:6      | Reached skill level 5 in Necromancy
  5371 | D:6      | Reached skill level 1 in Fire Magic
  5371 | D:6      | Reached skill level 1 in Poison Magic
  5371 | D:6      | Reached XP level 8. HP: 33/41 MP: 14/23
  5431 | D:6      | Reached skill level 10 in Spellcasting
  5586 | D:6      | Noticed Blork the orc
  5696 | D:6      | Killed Blork the orc
  5696 | D:6      | Offered knowledge of Momentum Strike by Vehumet.
  6033 | D:7      | Noticed Menkaure
  6042 | D:7      | Killed Menkaure
  6121 | D:7      | Found a runed translucent door.
  6122 | D:7      | Noticed Crazy Yiuf
  6129 | D:7      | Killed Crazy Yiuf
  6189 | D:7      | Reached XP level 9. HP: 44/45 MP: 23/25
  6461 | D:7      | Reached *** piety under Vehumet
  6645 | D:7      | Reached skill level 11 in Spellcasting
  6688 | D:7      | Noticed Joseph
  6838 | D:8      | Offered knowledge of Sticky Flame by Vehumet.
  6849 | D:7      | Learned a level 4 spell: Sticky Flame
  6942 | D:8      | Noticed a two-headed ogre
  7117 | D:7      | HP: 2/45 [steam dragon/ball of steam (23)]
  7732 | D:7      | Reached **** piety under Vehumet
  7797 | D:8      | Found a hide-covered altar of Uskayaw.
  7828 | D:8      | Found a transporter.
  7829 | D:8      | Found a transporter.
  7858 | D:8      | Found a transporter.
  7858 | D:8      | Found a transporter.
  8003 | D:8      | Reached skill level 5 in Dodging
  8064 | D:8      | Offered knowledge of Volatile Blastmotes by Vehumet.
  8233 | D:7      | Killed Joseph
  8234 | D:7      | Reached skill level 12 in Spellcasting
  8361 | D:8      | Killed a two-headed ogre
  8362 | D:8      | Reached XP level 10. HP: 50/50 MP: 28/28
  8578 | D:9      | Found a flagged portal.
  8625 | Bailey   | Entered a bailey
  8848 | Bailey   | Identified the +2 bardiche of Puhoisos {heavy, rElec
                  | Stlth+}
  9013 | Bailey   | Noticed an orc knight
  9013 | Bailey   | Noticed an orc knight
  9031 | Bailey   | Killed an orc knight
  9037 | Bailey   | Killed an orc knight
  9038 | Bailey   | Reached skill level 13 in Spellcasting
  9316 | D:9      | Noticed Harold
  9469 | D:9      | Noticed a cyclops
  9477 | D:9      | Killed a cyclops
  9518 | D:9      | Reached skill level 1 in Fighting
  9666 | D:9      | Noticed a cyclops
  9669 | D:9      | Reached skill level 5 in Fire Magic
  9691 | D:9      | Reached ***** piety under Vehumet
  9694 | D:9      | Killed a cyclops
  9694 | D:9      | Offered knowledge of Irradiate by Vehumet.
  9695 | D:9      | Reached skill level 14 in Spellcasting
  9701 | D:9      | Learned a level 5 spell: Irradiate
  9765 | D:10     | Entered Level 10 of the Dungeon
  9798 | D:10     | Found a staircase to the Orcish Mines.
  9813 | Orc:1    | Entered Level 1 of the Orcish Mines
  9815 | Orc:1    | Noticed an orc knight
  9974 | D:10     | Reached XP level 11. HP: 48/57 MP: 31/31
 10524 | D:10     | Found a sacrificial altar of Ru.
 10613 | D:11     | Reached skill level 1 in Armour
 10637 | D:11     | Found a staircase to the Lair.
 10707 | D:11     | Reached skill level 15 in Spellcasting
 10721 | D:11     | Slain by a centaur warrior simulacrum

Illustrated notes

Levels and vault maps discovered:
D:1:      sevenhm_arrival_forest_fort_small_3, layout_rooms,
          chequers_serial_rivers_room_b, minmay_misc_feat_five
D:2:      layout_loops_ring, dreamdust_ecumenical_altar_angels_and_demons,
          serial_shops, shop
D:3:      layout_basic, grunt_temple_overflow_open, minmay_misc_feat_iff
D:4:      layout_basic, nicolae_overflow_quartered_altars, serial_shops,
          nicolae_diamond_shop
D:5:      layout_loops_ring, lemuel_doored_altar, minmay_misc_feat_rows,
          dreamdust_wishing_well
D:6:      layout_loops_cross, fedhas_altar_fruit_tree,
          minmay_temple_entry_glass, uniq_pikel, uniq_blork_the_orc
D:7:      layout_basic, uniq_menkaure, uniq_joseph, uniq_crazy_yiuf_cottage
D:8:      layout_basic, nicolae_uskayaw_dance_hall, serial_demonic,
          serial_demonic_d, serial_demonic_a, serial_demonic_c,
          serial_demonic_c, nicolae_diode_quadrants
D:9:      layout_irregular_city, kennysheep_little_box, enter_bailey_4,
          minmay_between, uniq_harold
D:10:     layout_basic, nicolae_ru_awakened_eye
D:11:     layout_rooms, hellmonk_lair_entry_icy, serial_ice, serial_ice_j,
          serial_ice_m, serial_ice_o, serial_ice_c, serial_ice_g, serial_ice_f,
          guppyfry_shop_earth, uniq_psyche, uniq_lodul
Orc:1:    layout_caves

Skill      XL: |  1  2  3  4  5  6  7  8  9 10 11 |
---------------+----------------------------------+-----
Spellcasting   | 5 6 7 8 9 10 12 14 15 | 15.0
Dodging        | 1 2 3 4 5 6 |  6.7
Necromancy     | 1 2 3 5 7 8 |  8.8
Short Blades   | 1 2 3 |  3.1
Translocations | 3 4 |  4.0
Throwing       | 1 2 3 |  3.0
Stealth        | 2 |  2.8
Conjurations   | 1 3 4 |  4.6
Transmutations | 2 3 4 |  4.2
Fire Magic     | 1 2 3 5 |  5.5
Poison Magic   | 1 2 3 |  3.2
Fighting       | 1 3 |  3.0
Armour         | 1 |  1.0
Shields        | |  1.7
Invocations    | |  1.0
Evocations     | |  0.2

Action                     |  1- 3 |  4- 6 |  7- 9 | 10-12 || total
---------------------------+-------+-------+-------+-------++-------
  Melee: Short sword       |    17 |       |       |       ||    17
         Rapier            |    15 |    52 |   120 |    71 ||   258
         Dagger            |       |    15 |    45 |    71 ||   131
         Scimitar          |       |       |       |     2 ||     2
  Throw: Dart              |     4 |    10 |    45 |    39 ||    98
         Boomerang         |       |       |       |     5 ||     5
   Cast: Apportation       |    27 |    30 |    14 |    21 ||    92
         Magic Dart        |    55 |    47 |    85 |     7 ||   194
         Vampiric Draining |     2 |    14 |    64 |    89 ||   169
         Blink             |       |     1 |     6 |     1 ||     8
         Ignite Poison     |       |       |     7 |     8 ||    15
         Sticky Flame      |       |       |     7 |    44 ||    51
         Irradiate         |       |       |       |     2 ||     2
  Evoke: Wand              |       |       |    10 |    10 ||    20
    Use: Scroll            |     1 |       |     1 |    16 ||    18
         Potion            |       |       |     3 |     1 ||     4
   Stab: Sleeping          |     2 |     7 |     3 |     1 ||    13
         Distracted        |       |       |     1 |       ||     1
 Armour: Robe              |    11 |    21 |    57 |    34 ||   123
         Steam dragon scal |       |       |       |    37 ||    37
  Dodge: Dodged            |    30 |    43 |   137 |   190 ||   400
  Block: Buckler           |     4 |    13 |    39 |    55 ||   111
